 Dungeon Crawl Stone Soup version 0.22-b1-26-g9dbaab1 (webtiles) character file.

119 letownia2 the Insei (level 4, 0/32 HPs)
             Began as a Demonspawn Transmuter on Aug 8, 2018.
             Slain by an orc warrior
             ... wielding a +0 war axe
              (6 damage)
             ... on level 4 of the Dungeon.
             The game lasted 00:08:04 (1339 turns).

letownia2 the Insei (Demonspawn Transmuter)         Turns: 1339, Time: 00:08:05

Health: 0/32       AC:  2    Str: 12    XL:     4   Next: 73%
Magic:  4/7        EV: 19    Int: 14    God:
Gold:   179        SH:  0    Dex: 20    Spells: 1/7 levels left

rFire    . . .     SeeInvis .     - Unarmed
rCold    . . .     Gourm    .   (shield currently unavailable)
rNeg     . . .     Faith    .   (armour currently unavailable)
rPois    x         Spirit   .   (helmet currently unavailable)
rElec    .         Reflect  .   (cloak currently unavailable)
rCorr    .         Harm     .   (gloves currently unavailable)
MR       .....                  (boots currently unavailable)
Stlth    ++........             (no amulet)
HPRegen  0.10/turn              v - +2 ring of dexterity
MPRegen  0.10/turn              (no ring)

@: spider-form (expiring)
A: tiny, powered by death 1
a: End Transformation


You were on level 4 of the Dungeon.
You were not hungry.
You were a venomous arachnid creature.
You visited 1 branch of the dungeon, and saw 4 of its levels.

You collected 179 gold pieces.

Inventory:

Hand Weapons
 d - a +0 hunting sling
Missiles
 a - 8 arrows
 g - 19 poisoned needles
 k - 16 stones (quivered)
 r - 27 sling bullets
 x - 3 poisoned tomahawks
Armour
 b - a +0 robe
 i - a +0 ring mail (melded)
 n - a +0 pair of gloves (melded)
 s - a +0 leather armour
 t - a +0 shield
Jewellery
 v - a +2 ring of dexterity (left front leg)
Wands
 u - a wand of iceblast (8)
 w - a wand of acid (9)
Scrolls
 e - a scroll of teleportation {unknown}
 f - a scroll of amnesia {unknown}
 h - 3 scrolls of identify {unknown}
 l - 2 scrolls of fog {unknown}
 m - a scroll of magic mapping {unknown}
 o - a scroll of noise {unknown}
 q - a scroll of blinking {unknown}
 y - a scroll of remove curse {unknown}
Potions
 c - a potion of agility {unknown}
 p - a potion of curing {unknown}
 A - a potion of mutation {unknown}
 B - a potion of lignification {unknown}
 C - a potion of flight {unknown}
Comestibles
 j - 3 rations
 z - 2 chunks of flesh


   Skills:
 - Level 1.0 Fighting
 - Level 1.0 Armour
 - Level 1.7 Dodging
 + Level 4.5 Unarmed Combat
 - Level 2.0 Spellcasting
 + Level 2.0 Transmutations
 - Level 1.0 Poison Magic


You had one spell level left.
You knew the following spells:

 Your Spells              Type           Power        Failure   Level  Hunger
a - Beastly Appendage     Tmut           #.....       24%         1    ##.....
l - Sticks to Snakes      Tmut           #.......     34%         2    ###....
p - Spider Form           Tmut/Pois      #.........   58%         3    ####...

Your spell library contained the following spells:

 Spells                   Type           Power        Failure   Level  Hunger
 Blade Hands              Tmut           #.........   99%         5    ######.
 Ice Form                 Ice/Tmut       #.......     94%         4    #####..


Dungeon Overview and Level Annotations

Branches:
Dungeon (4/15)
 Temple: D:4-7

Altars:


Innate Abilities, Weirdness & Mutations

((You are mostly covered in molten scales. (AC +3)))
You regenerate a little health from kills.


Message History

Your +0 ring mail melds into your body.
You barely miss the orc warrior. The orc warrior misses you.
You closely miss the orc warrior. The orc warrior completely misses you.
You hit the orc warrior.
The orc warrior is lightly wounded.
The orc warrior misses you.
You barely miss the orc warrior.
The orc warrior is lightly wounded.
Your transformation is almost over.
You hit the orc warrior.
The orc warrior is poisoned.
The orc warrior is moderately wounded.
The orc warrior hits you with a war axe!!
Ouch! That really hurt!
* * * LOW HITPOINT WARNING * * *
Unknown command.
You hit the orc warrior but do no damage.
The orc warrior looks as sick as possible!
The orc warrior is moderately wounded.
The orc warrior hits you with a war axe.
You die...

###.....)....###(.
####.<.........##...#
##...........###..≈#
####...........##....##
..#..............#.≈..##
#..............##...≈##
####..........###≈...
##...##o..## #.≈≈.
######s### #..$≈ #.##
#...≈ #..# ##.# #.#
######.######
............<##
..............###
.......#........#


You could see an orc warrior.

Vanquished Creatures
  A worker ant (D:4)
  5 adders
  2 oozes
  An adder skeleton (D:4)
  A worm (D:3)
  2 dart slugs
  An orc (D:3)
  2 giant cockroaches
  3 goblins
  4 hobgoblins
  2 jackals (D:1)
  2 quokkas
  3 ball pythons
  6 bats
  5 frilled lizards
  3 kobolds
  5 rats
48 creatures vanquished.

Vanquished Creatures (collateral kills)
  A ball python (D:2)
1 creature vanquished.

Grand Total: 49 creatures vanquished

Notes
Turn   | Place    | Note
-------+----------+-------------------------------------------
     0 | D:1      | letownia2 the Demonspawn Transmuter began the quest for the Orb.
     0 | D:1      | Reached XP level 1. HP: 15/15 MP: 3/3
    22 | D:1      | Reached skill level 3 in Unarmed Combat
   138 | D:1      | Gained mutation: You regenerate a little health from kills. [demonic ancestry]
   138 | D:1      | Reached XP level 2. HP: 13/21 MP: 3/5
   389 | D:2      | Learned a level 2 spell: Sticks to Snakes
   444 | D:2      | Gained mutation: You are partially covered in molten scales. (AC +2) [demonic ancestry]
   444 | D:2      | Reached XP level 3. HP: 12/26 MP: 3/6
   452 | D:2      | Reached skill level 4 in Unarmed Combat
   473 | D:2      | Learned a level 3 spell: Spider Form
   775 | D:3      | Reached skill level 1 in Poison Magic
   863 | D:3      | Gained mutation: You are mostly covered in molten scales. (AC +3) [demonic ancestry]
   863 | D:3      | Reached XP level 4. HP: 28/32 MP: 5/7
   920 | D:4      | Reached skill level 1 in Armour
  1088 | D:4      | Noticed an orc warrior
  1339 | D:4      | Slain by an orc warrior

Skill      XL: |  1  2  3  4 |
---------------+-------------+-----
Unarmed Combat | 3 4 |  4.5
Poison Magic   | 1 |  1.0
Armour         | 1 |  1.0
Transmutations | 2 |  2.0
Fighting       | |  1.0
Dodging        | |  1.7
Spellcasting   | |  2.0

Action                   |  1- 3 |  4- 6 || total
-------------------------+-------+-------++-------
Melee: Unarmed           |   130 |    73 ||   203
       Kick              |    10 |     9 ||    19
       Headbutt          |     7 |     9 ||    16
       Punch             |     1 |     1 ||     2
 Cast: Beastly Appendage |    23 |     9 ||    32
       Sticks to Snakes  |     2 |     2 ||     4
       Spider Form       |       |     1 ||     1
  Eat: Chunk             |       |     3 ||     3
Armor: Robe              |    18 |       ||    18
       Ring mail         |    31 |    26 ||    57
Dodge: Dodged            |    81 |    42 ||   123
